 Dungeon Crawl Stone Soup version 0.19.0 (webtiles) character file.

202269 syranez the Executioner (level 18, -5/285 HPs)
             Began as a Grey Draconian Berserker on Oct 31, 2016.
             Was a High Priest of Trog.
             Slain by a deep elf blademaster
             ... wielding a +0 rapier
              (12 damage)
             ... on level 2 of the Elven Halls on Nov 1, 2016.
             The game lasted 02:32:25 (39294 turns).

syranez the Executioner (Grey Draconian Berserker) Turns: 39294, Time: 02:32:25

Health: -5/285     AC: 25    Str: 29    XL:     18   Next: 32%
Magic:  27/27      EV: 19    Int: 16    God:    Trog [*****.]
Gold:   1446       SH:  0    Dex: 13    Spells: 0 memorised, 17 levels left

rFire  . . .     SeeInvis +     X - +2 executioner's axe (flame)
rCold  + . .     Gourm    .     (armour unavailable)
rNeg   . . .     Faith    .     (shield currently unavailable)
rPois  +         Spirit   .     J - +2 hat {SInv}
rElec  +         Reflect  .     W - +2 cloak {+Inv}
rCorr  .         Harm     .     U - +1 pair of gloves of Resourcefulness {*Drain rElec rPois}
MR     +++..                    H - +2 pair of boots {Stlth+}
Stlth  ..........               I - amulet of regeneration
                                g - ring "Atiliun" {MP+9 Int+3}
                                B - ring of protection from cold

@: berserking, drained, very quick
A: walk through water, unfitting armour, antennae 1, stinger 2, magic resistance
2, poison resistance, robust 1, screaming 1, strong 2, unbreathing, no device
heal 1, cold-blooded, subdued magic 1, AC +15
a: Berserk, Trog's Hand, Brothers in Arms, Burn Spellbooks, Renounce Religion,
Evoke Invisibility


You were on level 2 of the Elven Halls.
You worshipped Trog.
Trog was extremely pleased with you.
You were not hungry.

You visited 6 branches of the dungeon, and saw 31 of its levels.
You also visited: Labyrinth and Ice Cave.

You collected 3338 gold pieces.
You spent 1892 gold pieces at shops.

Inventory:

Hand Weapons
 l - a +3 vampiric executioner's axe
 q - the +7 battleaxe of Nightmares {chop, Str+3}
   (You found it on level 4 of the Lair of Beasts)

   It inflicts extra damage upon your enemies.
   It affects your strength (+3).
 X - a +2 executioner's axe of flaming (weapon)
Missiles
 D - 6 tomahawks (quivered)
 G - 3 poisoned javelins
 M - 12 javelins
 S - 13 javelins of returning
Armour
 H - a +2 pair of boots of stealth (worn)
 J - a +2 hat of see invisible (worn)
 U - the +1 pair of gloves of Resourcefulness (worn) {*Drain rElec rPois}
   (You bought it in a shop on level 2 of the Orcish Mines)

   It insulates you from electricity.
   It protects you from poison.
   It causes draining when unequipped.
 W - a +2 cloak of invisibility (worn)
 Y - a cursed -2 shield of reflection
Jewellery
 d - a +1 ring of protection
 g - the ring "Atiliun" (right hand) {MP+9 Int+3}
   (You took it off a minotaur in a labyrinth)

   [ring of magical power]

   It affects your intelligence (+3).
   It affects your magic capacity (+9).
 x - an uncursed ring of resist corrosion
 B - a ring of protection from cold (left hand)
 C - a +4 ring of strength
 I - an amulet of regeneration (around neck)
 Q - an uncursed ring of fire
Wands
 c - a wand of disintegration (14/24)
 A - a wand of teleportation (1/9)
Scrolls
 e - 8 scrolls of remove curse
 f - 4 scrolls of recharging
 i - 6 scrolls of fog
 m - a scroll of vulnerability
 n - 4 scrolls of fear
 E - a scroll of teleportation
 L - a scroll of holy word
 N - 2 scrolls of enchant armour
 R - 6 scrolls of immolation
 T - 4 scrolls of blinking
 Z - 4 scrolls of identify
Potions
 a - 5 potions of ambrosia
 h - 2 potions of might
 k - 4 potions of cancellation
 p - 2 potions of invisibility
 r - a potion of heal wounds
 t - 9 potions of curing
 u - 6 potions of resistance
 v - 6 potions of flight
 z - a potion of cure mutation
 F - 9 potions of agility
 K - 3 potions of haste
 O - 2 potions of brilliance
 V - 4 potions of lignification
Comestibles
 b - 25 bread rations
 j - 8 meat rations
 s - 27 fruits
 w - 5 slices of pizza
 P - 6 royal jellies


   Skills:
 + Level 18.5(18.1) Fighting
 + Level 21.1(20.8) Axes
   Level 1.6(14.2) Maces & Flails
 + Level 13.2(12.9) Throwing
 + Level 12.4(12.1) Dodging
 - Level 4.6(4.3) Stealth
 + Level 1.0(0.8) Unarmed Combat
 + Level 0.2(0.0) Evocations


You had 17 spell levels left.
You didn't know any spells.

Dungeon Overview and Level Annotations

Branches:
Dungeon (15/15)            Temple (0/1) D:6            Lair (6/6) D:8
  Swamp (3/4) Lair:4        Snake (3/4) Lair:2        Slime (0/5) Lair:6
    Orc (2/2) D:10            Elf (2/3) Orc:2        Vaults (0/5) D:14
 Depths (0/5) D:15

Altars:
Ashenzari
Dithmenos
Elyvilon
Gozag
Hepliaklqana
Makhleb
Okawaru
Sif Muna
Uskayaw
Vehumet
Xom
Yredelemnul
Beogh
Jiyva

Shops:
Orc:2 %[(:   Snake:3 =

Portals:
Trove: D:12 (give 17 scrolls of identify)


Innate Abilities, Weirdness & Mutations

You can walk through water.
Your dull iron-grey scales are very hard. (AC +15)
You cannot fit into any form of body armour.
You can survive without breathing.
You are cold-blooded and may be slowed by cold attacks.
You have a pair of small antennae on your head.
Your tail ends in a sharp poisonous barb.
You are highly resistant to hostile enchantments. (MR++)
Your system is resistant to poisons. (rPois)
You are robust. (+10% HP)
You occasionally shout uncontrollably at your foes.
Your muscles are very strong. (Str +4)
Potions and wands are less effective at restoring your health.
Your spells are a little easier to cast, but a little less powerful.


Message History

The halberd of chopping hits you from afar!
* * * LOW HITPOINT WARNING * * *
x2 You completely miss the deep elf blademaster.
The deep elf blademaster is lightly wounded.
The deep elf blademaster hits you but does no damage.
The deep elf blademaster hits you with a rapier!!
* * * LOW HITPOINT WARNING * * *
Unknown command.
You slice the deep elf blademaster!! You burn the deep elf blademaster.
Your tail-slap misses the deep elf blademaster.
The deep elf blademaster is moderately wounded.
The deep elf blademaster hits you with a rapier!!
* * * LOW HITPOINT WARNING * * *
The deep elf blademaster closely misses you.
The halberd of chopping completely misses you.
You miss the deep elf blademaster.
Your tail-slap misses the deep elf blademaster.
The deep elf blademaster is moderately wounded.
The deep elf blademaster hits you with a rapier!
You die...

######
###......
#........
##......
#.....# ####
#....# .
######..#
#...## ...
....>...#
##.@.## #....
######.##
##e..##......
#.#
#..(........
#.#
#............
# #.#
#.............
## #.#
##...........#
.## #.#
##..((.....##
..####)##
#.........#
...'....#
...........#


You could see a deep elf blademaster and a halberd of chopping.

Vanquished Creatures
  Vashnia (Snake:2)
  An Ice Fiend (IceCv)
  Asterion (Snake:2)
  Rupert (D:15)
  Gastronok (D:9)
  Roxanne (Snake:1)
  Donald (Swamp:1)
  2 nagarajas (Snake:3)
  A caustic shrike zombie (D:15)
  The ghost of appiemonkey the Tortoise, a journeyman MiFi of Okawaru (Swamp:2)
  A very ugly thing (Swamp:3)
  A deep elf demonologist (Elf:1)
  Snorg (D:12)
  A minotaur (Lab)
  3 deep elf high priests
  Fannar (Lair:2)
  Erolcha (Orc:2)
  The ghost of simples the Impaler, a journeyman MfBe of Trog (Orc:1)
  4 vault guards (D:14)
  2 ogre magi (Orc:2)
  11 hydras
  Harold (D:12)
  3 catoblepae
  11 naga warriors
  9 anacondas
  2 death knights
  4 dancing weapons
  3 centaur warriors
  3 alligators
  A titan zombie (D:15)
  A tengu warrior (D:15)
  19 death yaks
  An orc high priest (Elf:1)
  2 shock serpents (Snake:3)
  9 naga sharpshooters
  4 spriggans
  7 deep elf knights
  A skeletal warrior (D:14)
  A fire crab (Lair:4)
  2 salamander mystics
  4 unseen horrors
  A wizard (D:15)
  2 orc knights
  2 swamp dragons
  7 hill giants
  2 spriggan druids
  3 shambling mangroves
  Pikel (D:7)
  9 deep elf archers
  6 naga ritualists
  32 deep elf magi
  A phantasmal warrior (D:15)
  A necromancer (D:15)
  12 mana vipers
  An oklob plant (Lair:1)
  A frost giant zombie (D:15)
  2 ugly things
  A manticore (D:15)
  3 guardian serpents
  6 salamanders
  2 cyclopes (D:14)
  12 naga magi
  4 elephants
  38 black mambas
  A black mamba (shapeshifter) (D:13)
  A stone giant skeleton (D:15)
  5 centaur zombies
  16 spiny frogs
  A kobold demonologist (D:11)
  A rime drake (Lair:6)
  A golden dragon simulacrum (IceCv)
  A yaktaur (shapeshifter) (Elf:1)
  4 ice devils (IceCv)
  7 komodo dragons
  5 freezing wraiths
  3 anaconda simulacra (IceCv)
  2 guardian mummies (D:15)
  A harpy zombie (D:15)
  A tengu conjurer (D:15)
  A polar bear (D:9)
  A queen bee (D:12)
  3 meliai (D:12)
  6 trolls
  13 hornets
  7 slime creatures
  Grinder (D:4)
  14 blink frogs
  3 bog bodies
  6 tyrant leeches
  14 two-headed ogres
  11 hippogriffs
  3 shadows
  53 yaks
  2 air elementals
  7 wraiths
  A dire elephant simulacrum (IceCv)
  A human (D:9)
  A hog (Snake:2)
  5 water elementals
  4 wyverns
  4 basilisks
  3 fire elementals
  2 hungry ghosts
  A steam dragon (Lair:3)
  A death yak simulacrum (IceCv)
  15 vampire mosquitoes
  13 swamp worms
  5 harpy simulacra (IceCv)
  2 wargs (Orc:2)
  A mottled dragon (D:11)
  31 nagas
  A soldier ant (D:13)
  12 water moccasins
  2 iron troll simulacra (IceCv)
  A hydra simulacrum (IceCv)
  5 porcupines
  A black bear (D:9)
  5 swamp drakes
  2 slaves
  2 ettin simulacra (IceCv)
  24 orc warriors
  4 phantoms
  5 sky beasts
  5 ice beasts
  A tengu (shapeshifter) (D:14)
  27 ogres
  23 wolves
  13 centaurs
  8 crocodiles
  A big kobold (D:10)
  15 bullfrogs
  3 earth elementals
  A wyvern zombie (D:13)
  A water moccasin skeleton (D:10)
  4 scorpions
  26 killer bees
  An elephant simulacrum (IceCv)
  8 wights
  5 electric eels
  6 howler monkeys
  A human zombie (D:3)
  3 bullfrog zombies
  A draconian simulacrum (IceCv)
  4 quasits
  9 crimson imps
  5 jellies
  4 centaur skeletons
  14 orc priests
  4 bullfrog skeletons
  4 hounds
  7 iguanas
  27 orc wizards
  A polar bear simulacrum (IceCv)
  A troll simulacrum (IceCv)
  8 worker ants
  A spriggan simulacrum (IceCv)
  A wolf simulacrum (IceCv)
  2 bullfrog simulacra (D:9)
  2 hound zombies
  A hound skeleton (D:7)
  A worker ant zombie (D:11)
  A howler monkey zombie (D:5)
  7 naga simulacra (IceCv)
  9 adders
  11 gnolls (D:3)
  2 ogre simulacra (IceCv)
  A shadow imp (D:12)
  10 white imps (IceCv)
  6 ufetubi
  2 oozes
  An adder zombie (D:5)
  2 worms
  2 dart slugs
  7 leopard geckos
  63 orcs
  2 ball pythons
  5 bats
  10 giant cockroaches
  9 goblins
  11 hobgoblins
  17 jackals
  9 kobolds
  4 quokkas
  5 frilled lizards
  A jackal skeleton (D:6)
  12 rats
  A spectral orc (D:2)
  2 fungi
  8 plants
  3 withered plants (D:15)
1096 creatures vanquished.

Vanquished Creatures (collateral kills)
  Kirke (Snake:2)
  A hydra (D:10)
  A catoblepas (Lair:6)
  A centaur warrior (D:15)
  2 ogre magi (Orc:2)
  A death yak (Lair:4)
  3 dancing weapons
  Urug (D:15)
  A deep elf knight (Elf:1)
  A mana viper (Snake:1)
  An oklob plant (Lair:4)
  2 deep elf magi (Elf:1)
  2 black mambas (Snake:1)
  An ice statue (IceCv)
  A naga mage (Snake:1)
  A spiny frog (shapeshifter) (D:14)
  2 two-headed ogres (Orc:2)
  3 blink frogs (Lair:2)
  A vampire (D:14)
  A naga (Snake:1)
  An orc warrior (Elf:1)
  4 centaurs (D:15)
  2 ogres (Orc:2)
  2 crocodiles (Lair:4)
  6 wights
  An orc priest (D:15)
  An orc wizard (D:11)
  An ufetubus (IceCv)
  7 orcs
53 creatures vanquished.

Vanquished Creatures (others)
  The ghost of Galewind the Thaumaturge, a journeyman DECj of Vehumet (IceCv)
  A deep elf knight (Elf:1)
  5 dream sheep (Lair:5)
  3 humans
  A gnoll (D:3)
  3 ufetubi (IceCv)
  A frilled lizard (D:3)
  2 fungi (Lair:2)
  12 plants
29 creatures vanquished.

Grand Total: 1178 creatures vanquished

Notes
Turn   | Place    | Note
-------+----------+-------------------------------------------
     0 | D:1      | syranez the Draconian Berserker began the quest for the Orb.
     0 | D:1      | Reached XP level 1. HP: 19/19 MP: 1/1
     1 | D:1      | Found a runed door.
     9 | D:1      | Reached XP level 2. HP: 26/26 MP: 2/2
   245 | D:1      | Reached XP level 3. HP: 25/33 MP: 3/3
   247 | D:1      | Reached ** piety under Trog
   878 | D:2      | Found an opulent altar of Gozag.
  1105 | D:2      | Reached XP level 4. HP: 35/40 MP: 4/4
  1112 | D:2      | Found a basalt altar of Yredelemnul.
  1207 | D:2      | Reached skill level 4 in Axes
  1328 | D:3      | Found a runed door.
  1328 | D:3      | Noticed a human
  1438 | D:3      | Found a basalt altar of Yredelemnul.
  1537 | D:3      | Reached *** piety under Trog
  1569 | D:3      | Reached XP level 5. HP: 28/46 MP: 5/5
  1670 | D:3      | Killed a human
  1834 | D:3      | HP: 2/46 [gnoll/halberd (10)]
  2125 | D:3      | Reached skill level 5 in Axes
  2125 | D:3      | Reached skill level 1 in Stealth
  2129 | D:3      | Reached XP level 6. HP: 53/53 MP: 6/6
  2163 | D:3      | Found a deep blue altar of Sif Muna.
  2976 | D:4      | Noticed Grinder
  2977 | D:4      | Paralysed by Grinder for 4 turns
  2987 | D:4      | Paralysed by Grinder for 2 turns
  3037 | D:4      | Killed Grinder
  3037 | D:4      | Reached skill level 6 in Axes
  3037 | D:4      | Your scales start taking on a dull iron-grey colour.
  3037 | D:4      | Reached XP level 7. HP: 60/60 MP: 7/7
  3037 | D:4      | Gained mutation: You can survive without breathing. [Grey Draconian growth]
  3104 | D:4      | Found an iron altar of Okawaru.
  3528 | D:4      | Reached skill level 5 in Fighting
  4019 | D:4      | Reached skill level 1 in Throwing
  4098 | D:5      | Entered Level 5 of the Dungeon
  4259 | D:5      | Reached skill level 7 in Axes
  4259 | D:5      | Reached XP level 8. HP: 38/68 MP: 8/8
  4451 | D:5      | Found a hide-covered altar of Uskayaw.
  4574 | D:5      | Reached skill level 5 in Dodging
  4730 | D:5      | Reached **** piety under Trog
  5177 | D:5      | Gained mutation: You regenerate slowly when monsters are visible. [mutagenic meat]
  5178 | D:5      | Lost mutation: You regenerate slowly when monsters are visible. [mutagenic meat]
  5812 | D:6      | Reached skill level 8 in Axes
  6036 | D:6      | Gained mutation: Your magical capacity is low. (-10% MP) [mutagenic meat]
  6037 | D:6      | Gained mutation: You are resistant to hostile enchantments. (MR+) [mutagenic meat]
  6039 | D:6      | Gained mutation: You occasionally shout uncontrollably at your foes. [mutagenic meat]
  6041 | D:6      | Gained mutation: You are clumsy. (Dex -2) [mutagenic meat]
  6285 | D:6      | Found a burning altar of Makhleb.
  6292 | D:6      | Noticed a two-headed ogre
  6298 | D:6      | Killed a two-headed ogre
  6298 | D:6      | Reached XP level 9. HP: 75/75 MP: 8/8
  6853 | D:6      | Found a staircase to the Ecumenical Temple.
  6945 | D:7      | Noticed Pikel
  7195 | D:7      | Reached skill level 9 in Axes
  7582 | D:7      | Killed Pikel
  8211 | D:7      | Found a radiant altar of Vehumet.
  8211 | D:7      | Found a white marble altar of Elyvilon.
  8354 | D:8      | Reached skill level 10 in Axes
  8354 | D:8      | Reached XP level 10. HP: 85/86 MP: 9/9
  9006 | D:8      | Reached ***** piety under Trog
  9165 | D:8      | Found a staircase to the Lair.
 10053 | D:9      | Lost mutation: You are clumsy. (Dex -2) [mutagenic meat]
 10054 | D:9      | Gained mutation: You are frail. (-10% HP) [mutagenic meat]
 10055 | D:9      | Gained mutation: Your muscles are strong. (Str +2) [mutagenic meat]
 10056 | D:9      | Lost mutation: Your magical capacity is low. (-10% MP) [mutagenic meat]
 10057 | D:9      | Gained mutation: Your system is resistant to poisons. (rPois) [mutagenic meat]
 10121 | D:9      | Reached skill level 5 in Throwing
 10245 | D:9      | Noticed Gastronok
 10263 | D:9      | Killed Gastronok
 10263 | D:9      | Reached skill level 11 in Axes
 10263 | D:9      | Reached XP level 11. HP: 61/85 MP: 11/11
 10599 | D:9      | Found a faded altar of an unknown god.
 10599 | D:9      | Found a hazy altar of Hepliaklqana.
 10604 | D:9      | Found a faded altar of an unknown god.
 10606 | D:9      | Found a faded altar of an unknown god.
 10607 | D:9      | Found a faded altar of an unknown god.
 10968 | D:9      | Gained mutation: You evolve. [potion of mutation]
 10968 | D:9      | Gained mutation: You possess an exceptional clarity of mind. [potion of mutation]
 10968 | D:9      | Lost mutation: You evolve. [potion of mutation]
 10969 | D:9      | Gained mutation: Your spells are a little easier to cast, but a little less powerful. [potion of mutation]
 10970 | D:9      | Gained mutation: Your muscles are very strong. (Str +4) [potion of mutation]
 10970 | D:9      | Lost mutation: You possess an exceptional clarity of mind. [potion of mutation]
 10970 | D:9      | Gained mutation: You have a pair of small antennae on your head. [potion of mutation]
 11007 | D:10     | Entered Level 10 of the Dungeon
 11019 | D:10     | Noticed a hill giant
 11025 | D:10     | Killed a hill giant
 11302 | D:10     | Found a staircase to the Orcish Mines.
 11392 | D:10     | Received a gift from Trog
 11547 | D:10     | Noticed a five-headed hydra
 11552 | D:10     | Killed a six-headed hydra
 11972 | D:10     | Reached skill level 12 in Axes
 12443 | Lair:1   | Entered Level 1 of the Lair of Beasts
 12544 | Lair:1   | Found an iron altar of Okawaru.
 12544 | Lair:1   | Noticed an oklob plant
 12550 | Lair:1   | Noticed an eight-headed hydra
 12797 | Lair:1   | Found a labyrinth entrance.
 12808 | Lab      | Entered a labyrinth
 12937 | Lab      | Noticed a minotaur
 12947 | Lab      | Killed a minotaur
 12949 | Lab      | Got a glittering silver ring
 13059 | Lair:1   | Identified the ring "Atiliun" {MP+9 Int+3} (You took it off a minotaur in a labyrinth)
 13711 | Lair:1   | Killed an eight-headed hydra
 14422 | Lair:2   | Reached XP level 12. HP: 94/94 MP: 12/12
 14547 | Lair:2   | Noticed Fannar
 14562 | Lair:2   | Killed Fannar
 14826 | Lair:2   | Noticed a six-headed hydra
 14839 | Lair:2   | Killed a six-headed hydra
 14945 | Lair:2   | Reached skill level 13 in Axes
 14948 | Lair:2   | Reached skill level 10 in Fighting
 15031 | Lair:2   | Received a gift from Trog
 15031 | Lair:2   | Reached skill level 1 in Maces & Flails
 15059 | Lair:2   | Found a staircase to the Snake Pit.
 16621 | Lair:4   | Got an ancient battleaxe
 16622 | Lair:4   | Identified the +7 battleaxe of Nightmares {chop, Str+3} (You found it on level 4 of the Lair of Beasts)
 16647 | Lair:4   | Noticed a catoblepas
 16674 | Lair:4   | Killed a catoblepas
 16834 | Lair:4   | Received a gift from Trog
 17002 | Lair:4   | Noticed a death yak
 17005 | Lair:4   | Noticed a death yak
 17005 | Lair:4   | Noticed a death yak
 17007 | Lair:4   | Killed a death yak
 17011 | Lair:4   | Killed a death yak
 17011 | Lair:4   | Reached XP level 13. HP: 96/102 MP: 13/13
 17261 | Lair:4   | Found a staircase to the Swamp.
 17278 | Lair:4   | Reached skill level 14 in Axes
 18400 | Lair:5   | Found a shimmering altar of Xom.
 18751 | Lair:6   | Entered Level 6 of the Lair of Beasts
 18751 | Lair:6   | Found a viscous altar of Jiyva.
 18751 | Lair:6   | Found a staircase to the Slime Pits.
 19547 | Lair:6   | Reached skill level 15 in Axes
 19714 | Lair:6   | HP: 5/104 [death yak (19)]
 19897 | Lair:6   | Reached skill level 10 in Dodging
 20186 | Lair:6   | Reached XP level 14. HP: 112/112 MP: 14/14
 20591 | Lair:6   | Reached skill level 16 in Axes
 21440 | Orc:1    | Entered Level 1 of the Orcish Mines
 21440 | Orc:1    | Noticed simples's ghost (journeyman MfBe)
 21459 | Orc:1    | Killed simples's ghost
 21459 | Orc:1    | Reached skill level 10 in Throwing
 21579 | Orc:1    | Found a roughly hewn altar of Beogh.
 22200 | Orc:2    | Entered Level 2 of the Orcish Mines
 22229 | Orc:2    | Found a staircase to the Elven Halls.
 22433 | Orc:2    | Noticed Erolcha
 22448 | Orc:2    | Killed Erolcha
 22579 | Orc:2    | Received a gift from Trog
 23121 | Orc:2    | Found Sota Zitt's Weapon Emporium.
 23121 | Orc:2    | Found Emicset's Book Shop.
 23123 | Orc:2    | Found Cedy's Food Boutique.
 23123 | Orc:2    | Found Zompul's Antique Armour Emporium.
 23157 | Orc:2    | Bought 6 javelins of returning for 124 gold pieces
 23160 | Orc:2    | Bought a manual of Fighting for 1324 gold pieces
 23161 | Orc:2    | Bought a pair of distressingly furry gloves for 294 gold pieces
 23186 | Orc:2    | Identified the +1 pair of gloves of Resourcefulness {*Drain rElec rPois} (You bought it in a shop on level 2 of the Orcish Mines)
 23340 | Orc:2    | Bought a meat ration for 50 gold pieces
 23340 | Orc:2    | Bought a bread ration for 50 gold pieces
 23340 | Orc:2    | Bought a meat ration for 50 gold pieces
 23366 | Orc:2    | Received a gift from Trog
 23463 | D:11     | Reached ****** piety under Trog
 24034 | D:11     | Found a hazy altar of Hepliaklqana.
 24327 | D:12     | Received a gift from Trog
 24343 | D:12     | Lost mutation: You are frail. (-10% HP) [mutagenic meat]
 24368 | D:12     | Reached skill level 17 in Axes
 24713 | D:12     | Noticed Snorg
 24723 | D:12     | Killed Snorg
 24781 | D:12     | Reached XP level 15. HP: 136/136 MP: 15/15
 24849 | D:12     | Found a portal to a secret trove of treasure.
 24888 | D:12     | Gained mutation: You are robust. (+10% HP) [potion of mutation]
 24888 | D:12     | Gained mutation: Your tail ends in a poisonous barb. [potion of mutation]
 24935 | D:12     | Noticed Harold
 24950 | D:12     | Killed Harold
 25408 | D:13     | Gained mutation: Potions and wands are less effective at restoring your health. [potion of mutation]
 26087 | D:14     | Found a shattered altar of Ashenzari.
 26196 | D:14     | Found a gate to the Vaults.
 26372 | D:14     | Received a gift from Trog
 26384 | D:14     | Found a roughly hewn altar of Beogh.
 26879 | D:15     | Entered Level 15 of the Dungeon
 26914 | D:15     | Found a staircase to the Depths.
 27224 | D:15     | Noticed Urug
 27230 | D:15     | Killed Urug
 27337 | D:15     | Noticed Rupert
 27348 | D:15     | Paralysed by Rupert for 4 turns
 27358 | D:15     | Killed Rupert
 27358 | D:15     | Reached skill level 18 in Axes
 27684 | D:15     | Found a shadowy altar of Dithmenos.
 28244 | D:13     | Received a gift from Trog
 28556 | Snake:1  | Entered Level 1 of the Snake Pit
 28729 | Snake:1  | Reached skill level 15 in Fighting
 28729 | Snake:1  | Reached XP level 16. HP: 113/163 MP: 16/16
 28749 | Snake:1  | HP: 6/163 [naga warrior/vampiric hand axe (20)]
 28933 | Snake:1  | Received a gift from Trog
 29143 | Snake:1  | Found a frozen archway.
 29166 | IceCv    | Entered an ice cave
 29442 | IceCv    | Killed Galewind's ghost
 29924 | IceCv    | Received a gift from Trog
 30087 | IceCv    | Noticed an Ice Fiend
 30106 | IceCv    | Killed an Ice Fiend
 30528 | Snake:1  | Noticed Roxanne
 30550 | Snake:1  | Killed Roxanne
 30550 | Snake:1  | Reached skill level 19 in Axes
 30758 | Snake:1  | Upgraded the game from 0.19-b1-5-gdc9fa9d to 0.19.0
 30805 | Snake:2  | Received a gift from Trog
 30810 | Snake:2  | Noticed Asterion
 30834 | Snake:2  | Noticed an Executioner
 30835 | Snake:2  | Killed Asterion
 30923 | Snake:2  | Noticed Kirke
 31153 | Snake:2  | Received a gift from Trog
 31499 | Snake:2  | Reached skill level 1 in Unarmed Combat
 31513 | Snake:2  | Killed Kirke
 31687 | Snake:2  | Noticed Vashnia
 31808 | Snake:2  | Killed Vashnia
 32111 | Snake:3  | Reached XP level 17. HP: 99/176 MP: 17/17
 32371 | Snake:3  | Found Cariakergh's Jewellery Shop.
 32465 | Snake:3  | Received a gift from Trog
 32921 | Snake:3  | Received a gift from Trog
 33308 | Snake:3  | Reached skill level 20 in Axes
 34100 | Swamp:1  | Entered Level 1 of the Swamp
 34275 | Swamp:1  | Noticed Donald
 34289 | Swamp:1  | Killed Donald
 34874 | Swamp:2  | Received a gift from Trog
 35118 | Swamp:2  | Noticed appiemonkey's ghost (journeyman MiFi)
 35138 | Swamp:2  | Killed appiemonkey's ghost
 36778 | Elf:1    | Entered Level 1 of the Elven Halls
 36973 | Elf:1    | Gained mutation: Your tail ends in a sharp poisonous barb. [mutagenic meat]
 36974 | Elf:1    | Gained mutation: You are highly resistant to hostile enchantments. (MR++) [mutagenic meat]
 37266 | Elf:1    | Received a gift from Trog
 37267 | Elf:1    | Noticed a Brimstone Fiend
 37272 | Elf:1    | Reached XP level 18. HP: 144/189 MP: 18/18
 37537 | Elf:1    | Received a gift from Trog
 38031 | Elf:1    | Received a gift from Trog
 38527 | Elf:2    | Reached skill level 21 in Axes
 38930 | Elf:2    | Received a gift from Trog
 39095 | Elf:2    | Found a runed gate.
 39095 | Elf:2    | Found a runed gate.
 39096 | Elf:2    | Found a runed gate.
 39293 | Elf:2    | HP: 6/285 [deep elf blademaster/rapier (19)]
 39294 | Elf:2    | Slain by a deep elf blademaster

Skill      XL: |  1  2  3  4  5  6  7  8  9 10 11 12 13 14 15 16 17 18 |
---------------+-------------------------------------------------------+-----
Dodging        | 3 4 6 7 8 9 10 11 12 | 12.4
Fighting       | 4 5 6 7 8 9 10 11 13 15 16 18 | 18.5
Axes           | 4 5 6 7 8 10 11 12 13 15 17 18 19 20 21 | 21.1
Stealth        | 1 2 3 4 |  4.6
Throwing       | 2 3 5 7 9 10 11 12 13 | 13.2
Maces & Flails | 1 |  1.6
Unarmed Combat | 1 |  1.0
Evocations     | |  0.2

Action                   |  1- 3 |  4- 6 |  7- 9 | 10-12 | 13-15 | 16-18 || total
-------------------------+-------+-------+-------+-------+-------+-------++-------
Melee: Hand axe          |    95 |   154 |   542 |    12 |       |       ||   803
       Tailslap          |     8 |    17 |    76 |    83 |   173 |   124 ||   481
       War axe           |       |       |       |   485 |       |       ||   485
       Mace              |       |       |       |     7 |       |       ||     7
       Battleaxe         |       |       |       |    30 |   914 |   413 ||  1357
       Unarmed           |       |       |       |       |       |     6 ||     6
       Executioner's axe |       |       |       |       |       |   356 ||   356
Throw: Stone             |     7 |     9 |    55 |       |       |       ||    71
       Javelin           |       |       |    65 |   212 |   120 |   161 ||   558
       Tomahawk          |       |       |       |    27 |   135 |   149 ||   311
Invok: Berserk           |     1 |     7 |     9 |    14 |    17 |    16 ||    64
       Burn Spellbooks   |       |     1 |     1 |     7 |     5 |     4 ||    18
       Brothers in Arms  |       |       |       |     7 |     7 |    12 ||    26
       Trog's Hand       |       |       |       |       |     1 |       ||     1
Evoke: Wand              |       |       |       |       |     4 |     1 ||     5
  Use: Potion            |       |     5 |     1 |    10 |     3 |     5 ||    24
       Scroll            |       |     5 |     5 |    19 |     8 |    12 ||    49
 Stab: Sleeping          |     2 |       |     2 |     4 |    10 |    10 ||    28
       Distracted        |       |       |     1 |       |     1 |     1 ||     3
  Eat: Chunk             |     2 |    11 |    17 |    29 |    52 |    26 ||   137
       Meat ration       |       |       |     1 |     2 |     1 |     2 ||     6
       Royal jelly       |       |       |     2 |       |     1 |     7 ||    10
       Bread ration      |       |       |     2 |       |       |       ||     2
       Beef jerky        |       |       |       |     3 |     1 |       ||     4
       Fruit             |       |       |       |     4 |       |     3 ||     7
       Pizza             |       |       |       |     2 |       |     5 ||     7
Armor: Skin              |    21 |    47 |   197 |   220 |   372 |   362 ||  1219
Dodge: Dodged            |    58 |   122 |   362 |   393 |   638 |   658 ||  2231
